 Dungeon Crawl Stone Soup version 0.30-a0-469-g84de5afbc5 (webtiles) character file.

Game seed: 3463617837530360699

0 Iich the Ruffian (level 1, 0/19 HPs)
             Began as a Ghoul Monk on Dec 19, 2022.
             Slain by a hobgoblin (1 damage)
             ... on level 1 of the Dungeon.
             The game lasted 00:00:47 (118 turns).

Iich the Ruffian (Ghoul Monk)                        Turns: 118, Time: 00:00:47

Health: 0/19       AC:  2    Str: 14    XL:     1   Next: 10%
Magic:  0/0        EV: 12    Int:  5    God:
Gold:   0          SH:  0    Dex: 11    Spells: 0/0 levels left

rFire   . . .      SeeInvis .      - Unarmed
rCold   + . .      Faith    .    (no shield)
rNeg    + + +      Spirit   .    a - +0 robe
rPois   ∞          Reflect  .    (no helmet)
rElec   .          Harm     .    (no cloak)
rCorr   .          Rampage  .    (no gloves)
Will    .....                    (no boots)
Stlth   ++........               (no amulet)
HPRegen 0.00/turn                (no ring)
MPRegen 0.07/turn                (no ring)

@: inhibited regen
A: claws 1, cold resistance 1, negative energy resistance 3, inhibited
regeneration, torment resistance 2, devour on kill
a: no special abilities


You were on level 1 of the Dungeon.
You visited 1 branch of the dungeon, and saw 1 of its levels.

Inventory:

Armour
 a - a +0 robe (worn)
Scrolls
 c - a scroll of immolation {unknown}
 e - a scroll of enchant armour {unknown}
Potions
 b - a potion of ambrosia
 d - a potion of attraction {unknown}


   Skills:
 + Level 3.2 Fighting
 + Level 2.7 Dodging
 + Level 2.1 Stealth
 + Level 3.2 Unarmed Combat


You couldn't memorise any spells.
You didn't know any spells.
Your spell library was empty.

Dungeon Overview and Level Annotations

Branches:
Dungeon (1/15)

Altars:


Innate Abilities, Weirdness & Mutations

You are immune to poison.
You have sharp fingernails.
Your flesh is cold resistant. (rC+)
You are immune to negative energy. (rN+++)
You do not regenerate when monsters are visible.
You are immune to unholy pain and torment.
You thrive by killing the living.


Message History

You open the door.
There is an open door here.
Found a leather armour.
No target in view!
No target in view!
d - a green potion
e - a scroll labelled TYAPYRUU BUN XIPP You open the door.
There is an open door here.
A hobgoblin comes into view.
Found 2 scrolls labelled RALUBE GYCKIDD and a scroll labelled DYSOCI GE YBAA.
A hobgoblin is nearby!
A goblin comes into view. It is wielding a +0 dagger.
The goblin shouts!
The hobgoblin shouts!
Found a scroll labelled RALUBE GYCKIDD.
You scratch the goblin but do no damage.
The goblin hits you with a +0 dagger.
You completely miss the goblin. The goblin hits you with a +0 dagger.
The hobgoblin misses you.
You closely miss the goblin. The goblin hits you with a +0 dagger.
The hobgoblin completely misses you.
You closely miss the goblin. The goblin hits you with a +0 dagger.
The hobgoblin hits you.
You are too injured to fight recklessly!
You scratch the goblin.
The goblin is moderately wounded.
The goblin hits you with a +0 dagger. The hobgoblin misses you.
You scratch the goblin.
The goblin is severely wounded.
The goblin barely misses you. The hobgoblin hits you.
* * * LOW HITPOINT WARNING * * *
You barely miss the goblin.
The goblin is severely wounded.
The goblin barely misses you. The hobgoblin closely misses you.
You barely miss the goblin.
The goblin is severely wounded.
The goblin hits you with a +0 dagger.
* * * LOW HITPOINT WARNING * * *
The hobgoblin hits you.
You die...

...##.###.#.# .....
...##.......# ##..#.#.#
#..###....#............
.......####...#.#.#..#
...#..## #.........?# .
.#....# ##..#..#.#.#..
......######......?....
.................#..#.#.
.........####...@g......
...#.....####..##g#.#..#
.........'.##..##.#...
..###....#.##.........
.# ##.....##.###.##.# .
#........# .#
#.....##### ?# #.####.
.# #. ..


You could see a hobgoblin and a goblin.

Vanquished Creatures
  A ball python (D:1)
1 creature vanquished.

Notes
Turn   | Place    | Note
-------+----------+-------------------------------------------
     0 | D:1      | Iich the Ghoul Monk began the quest for the Orb.
     0 | D:1      | Reached XP level 1. HP: 19/19 MP: 0/0
   118 | D:1      | Slain by a hobgoblin

Illustrated notes

Levels and vault maps discovered:
D:1:      minmay_arrival_up_and_down, layout_basic,
          nicolae_ecumenical_snake_handling, hangedman_decor_points

Action                   || total
-------------------------++-------
Melee: Unarmed           ||    11
       Punch             ||     1
Dodge: Dodged            ||     9

Table legend: (Time is in decaauts)
 A = Elapsed time spent in this place.
 B = Non-inter-level travel time spent in this place.
 C = Inter-level travel time spent in this place.
 D = Time resting spent in this place.
 E = Time spent auto-exploring this place.
 F = Levels seen in this place.
 G = Mean time per level.
                   A        B        C        D        E       F      G
               +--------+--------+--------+--------+--------+-----+--------+
         Total |    117 |    117 |      0 |      0 |     98 |   1 |  117.0 |
       Dungeon |    117 |    117 |      0 |      0 |     98 |   1 |  117.0 |
               +--------+--------+--------+--------+--------+-----+--------+

Top non-repeatable levels by time:
     D:1: 117 daAuts
